 Dungeon Crawl Stone Soup version 0.25-a0-317-g5f8687b (webtiles) character file.

Game seed: 11311279500003144027, levelgen mode: deterministic

1981 Dorkslayer the Slasher (level 9, -2/61 HPs)
             Began as an Octopode Fighter on Dec 26, 2019.
             Slain by a hippogriff (3 damage)
             ... on level 6 of the Dungeon.
             The game lasted 00:22:38 (4663 turns).

Dorkslayer the Slasher (Octopode Fighter)           Turns: 4663, Time: 00:22:38

Health: -2/61      AC:  4    Str: 20    XL:     9   Next: 20%
Magic:  12/12      EV: 13    Int: 11    God:
Gold:   373        SH: 10    Dex: 11    Spells: 8/8 levels left

rFire    + . .     SeeInvis .   a - +0 long sword
rCold    . . .     Gourm    .   s - +0 shield {AC+3}
rNeg     . . .     Faith    .   (helmet restricted)
rPois    .         Spirit   .   (no amulet)
rElec    .         Reflect  .   q - ring of flight
rCorr    .         Harm     .   f - ring of protection from fire
MR       .....                  (no ring)
Stlth    ++++......             (no ring)
HPRegen  0.20/turn              (no ring)
MPRegen  0.13/turn              (no ring)
                                (no ring)
                                (no ring)

@: no status effects
A: almost no armour, stealthy swim, amphibious, 8 rings, constrict 8, antennae
1, camouflage 1, strong 1, gelatinous body 1
a: Evoke Flight


You were on level 6 of the Dungeon.
You were not hungry.

You visited 2 branches of the dungeon, and saw 7 of its levels.

You collected 373 gold pieces.

Inventory:

Hand Weapons
 a - a +0 long sword (weapon)
Missiles
 e - 2 throwing nets
 r - 7 poisoned darts (quivered)
Armour
 s - a +0 shield of protection (worn)
Jewellery
 f - a ring of protection from fire (right tentacle)
 q - a ring of flight (left tentacle)
Wands
 n - a wand of digging (4)
 v - a wand of polymorph (5)
Scrolls
 b - a scroll of magic mapping {unknown}
 g - a scroll of teleportation
 h - a scroll of fear
 k - a scroll of fog {unknown}
 m - a scroll of noise {unknown}
 o - a scroll of blinking
 u - 4 scrolls of remove curse
 x - a scroll of enchant armour {unknown}
 y - a scroll of enchant weapon {unknown}
Potions
 c - a potion of curing
 i - a potion of magic {unknown}
 j - a potion of lignification
 l - a potion of ambrosia
 p - a potion of flight {unknown}
 w - 2 potions of mutation
 A - a potion of berserk rage {unknown}
Comestibles
 d - 7 rations


   Skills:
 * Level 5.1 Fighting
 + Level 6.2 Long Blades
 + Level 3.4 Throwing
 + Level 5.1 Dodging
 + Level 5.4 Stealth
 + Level 5.0 Shields
 + Level 4.8 Evocations


You had 8 spell levels left.
You didn't know any spells.
Your spell library was empty.

Dungeon Overview and Level Annotations

Branches:
Dungeon (6/15)             Temple (1/1) D:4

Altars:
Ashenzari
Cheibriados
Fedhas
Gozag
Kikubaaqudgha
Nemelex Xobeh
Qazlal
Ru
Sif Muna
Trog
Wu Jian
Xom

Annotations:
D:4 2 runed translucent doors, crawlisdead's ghost, novice DrFi


Innate Abilities, Weirdness & Mutations

You cannot wear most types of armour.
You are very stealthy in the water. (Stealth+)
You are amphibious.
You can wear up to eight rings at the same time.
You can use your tentacles to constrict eight enemies at once.
Your skin changes colour to match your surroundings (Stealth+).
Your rubbery body absorbs attacks. (AC +1, EV +1)
You have a pair of small antennae on your head.
Your muscles are strong. (Str +2)


Message History

You miss the rime drake.
The rime drake is moderately wounded.
The rime drake misses you. The rime drake barely misses you.
You riposte.
You hit the rime drake.
The rime drake is heavily wounded.
You slash the rime drake! Your squeeze misses the rime drake.
The rime drake is severely wounded.
You block the rime drake's attack.
You slash the rime drake!
You kill the rime drake!
The troll returns to its original shape as it dies.
Your Fighting skill increases to level 5!
Your Dodging skill increases to level 5!
Your Shields skill increases to level 5!
You hit the hippogriff but do no damage.
The ice encasing you melts away. You block the hippogriff's attack.
The hippogriff pecks you!
* * * LOW HITPOINT WARNING * * *
The hippogriff claws you.
You die...

.......# ...# #......
#...# .....# .....##
..... #..... #....
#.... #.#.# #....
##.#.# #...# #..#H#
#.##. ##.#@# ##.#..
##..#############.....
#.....................
##....########.####....
##.##### #.........
#.## #######... ###
#..# #.## ###


You could see a hippogriff.

Vanquished Creatures
  A rime drake (D:6)
  An orc warrior (D:6)
  An ice beast (D:6)
  A black bear (D:6)
  A centaur (D:5)
  A big kobold (D:5)
  A bullfrog (D:6)
  A gnoll sergeant (D:6)
  6 killer bees (D:6)
  4 wights (D:6)
  A crimson imp (D:5)
  3 jellies
  3 orc priests
  3 hounds
  6 orc wizards
  3 worker ants (D:5)
  A hound skeleton (D:4)
  7 gnolls
  3 adders
  3 shadow imps
  An adder skeleton (D:5)
  2 worms
  A dart slug (D:3)
  A leopard gecko (D:2)
  10 orcs
  8 bats
  3 giant cockroaches
  8 goblins
  6 hobgoblins
  4 jackals
  5 kobolds
  3 quokkas
  9 frilled lizards
  A jackal zombie (D:5)
  5 rats
118 creatures vanquished.

Notes
Turn   | Place    | Note
-------+----------+-------------------------------------------
     0 | D:1      | Dorkslayer the Octopode Fighter began the quest for the
                  | Orb.
     0 | D:1      | Reached XP level 1. HP: 16/16 MP: 1/1
   187 | D:1      | Reached XP level 2. HP: 20/21 MP: 2/2
   528 | D:2      | Reached XP level 3. HP: 20/26 MP: 3/3
  1338 | D:3      | Reached XP level 4. HP: 28/31 MP: 4/4
  1427 | D:3      | Reached skill level 1 in Evocations
  2018 | D:4      | Reached skill level 3 in Long Blades
  2018 | D:4      | Reached skill level 1 in Stealth
  2018 | D:4      | Reached XP level 5. HP: 35/36 MP: 6/6
  2253 | D:4      | Found a large runed translucent door.
  2253 | D:4      | Found a large runed translucent door.
  2290 | D:4      | Reached XP level 6. HP: 27/42 MP: 7/7
  2330 | D:4      | Found a staircase to the Ecumenical Temple.
  2624 | D:4      | Noticed crawlisdead's ghost (novice DrFi)
  2699 | D:5      | Entered Level 5 of the Dungeon
  2718 | D:5      | Reached skill level 1 in Throwing
  2822 | D:5      | Reached skill level 4 in Long Blades
  2851 | D:5      | Reached XP level 7. HP: 46/47 MP: 9/9
  2918 | Temple   | Entered the Ecumenical Temple
  3956 | D:6      | Gained mutation: You have a pair of small antennae on your
                  | head. [potion of mutation]
  3956 | D:6      | Gained mutation: Your muscles are strong. (Str +2) [potion
                  | of mutation]
  3960 | D:6      | Reached XP level 8. HP: 54/54 MP: 10/10
  3965 | D:6      | Reached skill level 5 in Long Blades
  4576 | D:6      | Reached skill level 5 in Stealth
  4612 | D:6      | Reached skill level 6 in Long Blades
  4612 | D:6      | Reached XP level 9. HP: 40/60 MP: 12/12
  4650 | D:6      | Noticed a troll
  4655 | D:6      | Noticed a rime drake
  4655 | D:6      | a troll changed into a rime drake
  4662 | D:6      | Killed a rime drake
  4662 | D:6      | Reached skill level 5 in Fighting
  4662 | D:6      | Reached skill level 5 in Dodging
  4662 | D:6      | Reached skill level 5 in Shields
  4663 | D:6      | HP: 1/61 [hippogriff (8)]
  4663 | D:6      | Slain by a hippogriff

Levels and vault maps discovered:
D:1:      scummos_arrival_simple_crosswalls, layout_rooms
D:2:      layout_basic, minmay_pentomino_z4
D:3:      layout_loops_ring
D:4:      layout_gridville, minmay_temple_entry_from_below_a,
          ebering_ghost_disaster_area, minmay_splitting_lines,
          minmay_misc_feat_enclosed, kennysheep_generic_room_3
D:5:      layout_basic, first_ration, chequers_serial_rivers_small_3,
          roderic_st_hans_cross
D:6:      layout_cave_pods, serial_shops, shop, minmay_manual_maat
Temple:   nicolae_temple_no_exploring_needed

Skill      XL: |  1  2  3  4  5  6  7  8  9 |
---------------+----------------------------+-----
Evocations     | 1 2 3 4 |  4.8
Long Blades    | 3 4 6 |  6.2
Stealth        | 1 2 3 5 |  5.4
Throwing       | 1 2 3 |  3.4
Dodging        | 4 5 |  5.1
Shields        | 4 5 |  5.0
Fighting       | 4 5 |  5.1

Action                   |  1- 3 |  4- 6 |  7- 9 || total
-------------------------+-------+-------+-------++-------
Melee: Long sword        |    75 |    61 |   110 ||   246
       Constrict         |    20 |    23 |    26 ||    69
       Tentacles         |     8 |    14 |    31 ||    53
Throw: Dart              |     7 |    17 |    29 ||    53
Evoke: Wand              |       |       |     3 ||     3
  Use: Potion            |       |     7 |     5 ||    12
       Scroll            |       |     5 |     5 ||    10
 Stab: Sleeping          |     3 |     4 |     4 ||    11
       Invisible         |       |     1 |     3 ||     4
  Eat: Chunk             |     1 |     5 |     1 ||     7
       Ration            |       |       |     2 ||     2
Armor: Skin              |    13 |     8 |    16 ||    37
Dodge: Dodged            |    23 |    32 |    56 ||   111
Block: Shield            |    28 |    31 |    66 ||   125
       Rpst.: Long sword |     9 |     9 |    16 ||    34

Table legend:
 A = Non-vault XP
 B = Vault XP
 C = Vault XP percentage of total XP
 D = Non-vault monster count
 E = Vault monster count
 F = Vault count percentage of total count
                 A         B        C        D         E       F
            +---------+---------+-------+---------+---------+-------
      Total |    2423 |     408 |  14.4 |     112 |       6 |   5.1
            +---------+---------+-------+---------+---------+-------
        D:1 |      20 |       0 |   0.0 |      12 |       0 |   0.0
        D:2 |      23 |      17 |  42.5 |      13 |       3 |  18.8
        D:3 |      85 |       0 |   0.0 |      24 |       0 |   0.0
        D:4 |     161 |      18 |  10.1 |      11 |       2 |  15.4
        D:5 |     708 |       0 |   0.0 |      27 |       0 |   0.0
        D:6 |    1426 |     373 |  20.7 |      25 |       1 |   3.8
            +---------+---------+-------+---------+---------+-------
